 Dungeon Crawl Stone Soup version 0.30-a0-1085-g990a428a5c (webtiles) character file.

Game seed: 5952049497718838192

10 xian the Vexing (level 2, -7/19 HPs)
             Began as a Demonspawn Enchanter on Apr 16, 2023.
             Mangled by a goblin
             ... wielding a +1 dagger of electrocution
              (19 damage)
             ... on level 1 of the Dungeon.
             The game lasted 00:00:41 (356 turns).

xian the Vexing (Demonspawn Enchanter)               Turns: 356, Time: 00:00:42

Health: -7/19      AC:  5    Str:  8    XL:     2   Next: 10%
Magic:  5/5        EV: 10    Int: 16    God:
Gold:   40         SH:  0    Dex: 13    Spells: 5/5 levels left

rFire   . . .      SeeInvis .    a - +1 dagger
rCold   . . .      Faith    .    (no shield)
rNeg    . . .      Spirit   .    i - +0 ring mail
rPois   .          Reflect  .    (helmet restricted)
rElec   .          Rampage  .    (no cloak)
rCorr   .                        (no gloves)
Will    .....                    (no boots)
Stlth   ++                       (no amulet)
HPRegen 0.23/turn                (no ring)
MPRegen 0.09/turn                (no ring)

@: no status effects
A: antennae 1
a: no special abilities


You were on level 1 of the Dungeon.
You visited 1 branch of the dungeon, and saw 1 of its levels.

You collected 40 gold pieces.

Inventory:

Hand Weapons
 a - a +1 dagger (weapon)
Missiles
 h - 7 stones (quivered)
Armour
 b - a +0 robe
 i - a +0 ring mail (worn)
Scrolls
 d - a scroll of enchant weapon {unknown}
 e - a scroll of poison {unknown}
 f - 2 scrolls of vulnerability {unknown}
 g - a scroll of identify {unknown}
Potions
 c - 2 potions of invisibility


   Skills:
 + Level 1.0 Short Blades
 + Level 1.8 Dodging
 + Level 2.9 Stealth
 + Level 2.2 Spellcasting
 + Level 3.1 Hexes


You had 5 spell levels left.
You didn't know any spells.
Your spell library contained the following spells:

 Spells                   Type           Power      Damage    Failure   Level
 Ensorcelled Hibernation  Hex/Ice        12%        N/A       45%         2
 Confusing Touch          Hex            11%        N/A       45%         3
 Tukima's Dance           Hex            11%        N/A       45%         3
 Dazzling Flash           Conj/Hex       12%        N/A       69%         3


Dungeon Overview and Level Annotations

Branches:
Dungeon (1/15)

Altars:


Innate Abilities, Weirdness & Mutations

You have a pair of small antennae on your head.


Message History

You have reached level 2!
Your demonic ancestry asserts itself...
A pair of antennae grows on your head!
You see here a +0 dagger.
Found a ring mail.
There are no items here.
You see here a +0 ring mail.
i - a +0 ring mail You start removing your armour.
You continue taking off your +0 robe. x4
You finish taking off your +0 robe.
You start putting on your armour.
You continue putting on your +0 ring mail. x5
You finish putting on your +0 ring mail.
A hobgoblin comes into view.
Found 16 gold pieces.
The hobgoblin shouts!
You hear a shout!
A goblin comes into view.
It is wielding a +1 dagger of electrocution.
You hit the hobgoblin.
The hobgoblin is severely wounded.
The hobgoblin barely misses you.
You hit the hobgoblin but do no damage.
The hobgoblin is severely wounded.
The hobgoblin hits you but does no damage.
You barely miss the hobgoblin.
The hobgoblin is severely wounded.
The hobgoblin hits you.
You hit the hobgoblin.
You kill the hobgoblin!
The goblin hits you with a +1 dagger of electrocution.
You see here a hobgoblin corpse.
You barely miss the goblin. You barely miss the goblin.
The goblin hits you but does no damage.
You closely miss the goblin. The goblin closely misses you.
You hit the goblin but do no damage.
The goblin hits you with a +1 dagger of electrocution.
You hit the goblin.
The goblin is almost dead.
The goblin hits you but does no damage.
You are electrocuted!!
Ouch! That really hurt!
You die...

..... ... .$. ...
#.# #####.##
#....g.# ### #@.#
########..
#..######.........
#..............###
#.##.####.###..#
#.#.#.# #.# #..#
#..# #.##.# #..#
#.# #.#.# #..###
#.. ##.# #.....
#.# ... ......


You could see a goblin.

Vanquished Creatures
  A goblin (D:1)
  3 hobgoblins (D:1)
  A kobold (D:1)
  A quokka (D:1)
  2 ball pythons (D:1)
  A rat (D:1)
9 creatures vanquished.

Notes
Turn   | Place    | Note
-------+----------+-------------------------------------------
     0 | D:1      | xian the Demonspawn Enchanter began the quest for the Orb.
     0 | D:1      | Reached XP level 1. HP: 13/13 MP: 3/3
   256 | D:1      | Reached skill level 1 in Short Blades
   256 | D:1      | Gained mutation: You have a pair of small antennae on your
                  | head. [demonic ancestry]
   256 | D:1      | Reached XP level 2. HP: 6/19 MP: 5/5
   356 | D:1      | Mangled by a goblin

Illustrated notes

Levels and vault maps discovered:
D:1:      scummos_arrival_star, layout_loops_ring

Skill      XL: |  1 |
---------------+----+-----
Short Blades   | 1 |  1.0
Dodging        | |  1.8
Stealth        | |  2.9
Spellcasting   | |  2.2
Hexes          | |  3.1

Action                     || total
---------------------------++-------
  Melee: Dagger            ||    31
   Stab: Sleeping          ||     5
 Armour: Robe              ||     1
         Ring mail         ||     3
  Dodge: Dodged            ||     9

Table legend: (Time is in decaauts)
 A = Elapsed time spent in this place.
 B = Non-inter-level travel time spent in this place.
 C = Inter-level travel time spent in this place.
 D = Time resting spent in this place.
 E = Time spent auto-exploring this place.
 F = Levels seen in this place.
 G = Mean time per level.
                   A        B        C        D        E       F      G
               +--------+--------+--------+--------+--------+-----+--------+
         Total |    354 |    354 |      0 |      0 |    230 |   1 |  354.0 |
       Dungeon |    354 |    354 |      0 |      0 |    230 |   1 |  354.0 |
               +--------+--------+--------+--------+--------+-----+--------+

Top non-repeatable levels by time:
     D:1: 354 daAuts
